 Dungeon Crawl Stone Soup version 0.27-a0-808-g60bc5d92e6 (webtiles) character file.

Game seed: 4067040661357983348

1 polve the Skirmisher (level 1, -2/18 HPs)
             Began as a Demonspawn Abyssal Knight on Mar 28, 2021.
             Was an Initiate of Lugonu.
             Slain by a kobold
             ... wielding a +1 short sword of electrocution
              (19 damage)
             ... on level 1 of the Dungeon.
             The game lasted 00:00:16 (126 turns).

polve the Skirmisher (Demonspawn Abyssal Knight)     Turns: 126, Time: 00:00:16

Health: -2/18      AC:  3    Str: 12    XL:     1   Next: 16%
Magic:  2/2        EV: 11    Int: 13    God:    Lugonu [......]
Gold:   11         SH:  0    Dex: 12    Spells: 0/0 levels left

rFire    + . .     SeeInvis .   a - +1 falchion
rCold    . . .     Faith    .   (no shield)
rNeg     . . .     Spirit   .   b - +0 leather armour
rPois    .         Reflect  .   (no helmet)
rElec    .         Harm     .   (no cloak)
rCorr    .         Rampage  .   (no gloves)
Will     .....                  (no boots)
Stlth    +.........             (no amulet)
HPRegen  0.06/turn              c - ring of protection from fire
MPRegen  0.08/turn              (no ring)

@: no status effects
A: no striking features
a: Renounce Religion


You were on level 1 of the Dungeon.
You worshipped Lugonu.
Lugonu was noncommittal.
You visited 1 branch of the dungeon, and saw 1 of its levels.
You visited the Abyss 1 time.

You collected 11 gold pieces.

Inventory:

Hand Weapons
 a - a +1 falchion (weapon)
Armour
 b - a +0 leather armour (worn)
Jewellery
 c - a ring of protection from fire (left hand)


   Skills:
 - Level 3.0 Fighting
 - Level 1.7 Long Blades
 - Level 1.7 Armour
 - Level 0.8 Dodging
 + Level 0.3 Spellcasting
 - Level 2.4 Invocations


You couldn't memorise any spells.
You didn't know any spells.
Your spell library contained the following spells:

 Spells                   Type           Power      Damage    Failure   Level
 Magic Dart               Conj           0%         1d3       36%         1
 Blink                    Tloc           N/A        N/A       52%         2
 Call Imp                 Summ           0%         N/A       52%         2
 Slow                     Hex            0%         N/A       52%         2
 Conjure Flame            Conj/Fire      0%         6-21      75%         3
 Mephitic Cloud           Conj/Pois/Air  0%         N/A       75%         3


Dungeon Overview and Level Annotations

Branches:
Dungeon (1/15)

Altars:


Message History

c - a ring of protection from fire (left hand) Magic restored.
Found a ring mail.
You see here a +0 ring mail.
You open the gate.
There is an open gate here.
A goblin comes into view. It is wielding a +0 dagger.
The goblin shouts!
A goblin is nearby!
A goblin is nearby!
A goblin is nearby!
Found a stone staircase leading down.
You hit the goblin.
You kill the goblin!
Lugonu accepts your kill.
No target in view!
No target in view!
No target in view!
No target in view!
No target in view!
Found a leather armour.
You now have 11 gold pieces.
A kobold comes into view. It is wielding a +0 short sword.
The kobold shouts!
You hear a shout!
A kobold comes into view.
It is wielding a +1 short sword of electrocution.
There are monsters nearby!
There are monsters nearby!
An endoplasm comes into view.
The endoplasm quivers.
A kobold comes into view. It is wielding a +0 whip.
A frilled lizard comes into view.
The kobold shouts!
You hear a bark!
You hear a shout!
An endoplasm comes into view.
The frilled lizard hisses.
The kobold closely misses you.
You barely miss the kobold. The kobold misses you.
The kobold hits you with a +1 short sword of electrocution.
You are electrocuted!!
Ouch! That really hurt!
You die...

.# #...#.# ......
#...#.. ......##########
#...### ...............#
#...... ...............#
#..#... ...............#
#......
...............####.#.##
...............+....#.#
.JK.J?K@.......##...#.#
..l...K........#......#
.#.##.########.......##
#. #.......# # #.......#
###.##### #.# #.# #.#


You could see 2 endoplasms, 3 kobolds and a frilled lizard.

Vanquished Creatures
  A goblin (D:1)
1 creature vanquished.

Notes
Turn   | Place    | Note
-------+----------+-------------------------------------------
     0 | Abyss:1  | polve the Demonspawn Abyssal Knight began the quest for the
                  | Orb.
     0 | Abyss:1  | Reached XP level 1. HP: 18/18 MP: 2/2
     2 | Abyss:1  | Found a corrupted altar of Lugonu.
     8 | Abyss:1  | Found a corrupted altar of Lugonu.
    32 | Abyss:1  | Noticed a vampire
    32 | Abyss:1  | Noticed a tentacled starspawn
    35 | D:1      | Escaped the Abyss
   126 | D:1      | Slain by a kobold

Illustrated notes

Levels and vault maps discovered:
D:1:      kennysheep_arrival_seaside, layout_basic, minmay_door_square,
          minmay_gold_behind_fungi

Action                   || total
-------------------------++-------
Melee: Falchion          ||     2
Invok: Depart the Abyss  ||     1
Dodge: Dodged            ||     2

Table legend: (Time is in decaauts)
 A = Elapsed time spent in this place.
 B = Non-inter-level travel time spent in this place.
 C = Inter-level travel time spent in this place.
 D = Time resting spent in this place.
 E = Time spent auto-exploring this place.
 F = Levels seen in this place.
 G = Mean time per level.
                   A        B        C        D        E       F      G
               +--------+--------+--------+--------+--------+-----+--------+
         Total |    125 |    125 |      0 |      0 |    113 |   2 |   62.5 |
       Dungeon |     90 |     90 |      0 |      0 |     82 |   1 |   90.0 |
         Abyss |     35 |     35 |      0 |      0 |     31 |   1 |   35.0 |
               +--------+--------+--------+--------+--------+-----+--------+

Top non-repeatable levels by time:
     D:1: 90 daAuts
 Abyss:1: 35 daAuts
